 Dungeon Crawl Stone Soup version 0.28.0 (webtiles) character file.

Game seed: 8121647970167739590

31328 Minsecho the Fighter (level 13, 0/219 HPs)
             Began as an Ogre Berserker on Feb 15, 2022.
             Was a High Priest of Trog.
             Succumbed to Sonja's poison
             ... on level 4 of the Lair of Beasts.
             The game lasted 00:33:31 (17798 turns).

Minsecho the Fighter (Ogre Berserker)              Turns: 17798, Time: 00:33:32

Health: 0/219      AC: 12    Str: 24    XL:     13   Next: 57%
Magic:  13/13      EV: 12    Int: 14    God:    Trog [*****.]
Gold:   1748       SH: 17    Dex: 18    Spells: 12/12 levels left

rFire   + . .      SeeInvis .   a - +9 demon whip of Cataclysm {flame, rF+ Will- Int+6}
rCold   . . .      Faith    .   w - +0 tower shield
rNeg    . . .      Spirit   .   E - +0 troll leather armour
rPois   .          Reflect  .   (helmet restricted)
rElec   .          Harm     .   N - +2 cloak {Stlth+}
rCorr   .          Rampage  .   (gloves unavailable)
Will    .....                   (boots unavailable)
Stlth   ..........              X - amulet of the acrobat
HPRegen 1.26/turn               W - +4 ring of protection
MPRegen 0.13/turn               e - +6 ring of dexterity

@: berserking (expiring), lethally poisoned (0 -> -2), very quick
A: large, unfitting armour, tough skin 1
a: Renounce Religion, Berserk, Trog's Hand, Brothers in Arms


You were on level 4 of the Lair of Beasts.
You worshipped Trog.
Trog was extremely pleased with you.
You visited 2 branches of the dungeon, and saw 16 of its levels.

You collected 1748 gold pieces.

Inventory:

Hand Weapons
 a - the +9 demon whip of Cataclysm (weapon) {flame, rF+ Will- Int+6}
   (You acquired it on level 9 of the Dungeon)

   It burns those it strikes, dealing additional fire damage.
   Int:       It affects your intelligence (+6).
   rF:        It protects you from fire.
   Will:      It decreases your willpower.
 O - a +3 eveningstar of protection
Armour
 b - a +0 animal skin
 w - a +0 tower shield (worn)
 C - a +0 cloak
 E - a +0 troll leather armour (worn)
 F - a +1 robe of the Archmagi
 N - a +2 cloak of stealth (worn)
Jewellery
 c - a ring of protection from fire
 d - a ring of flight
 e - a +6 ring of dexterity (right hand)
 f - an amulet of guardian spirit
 n - a ring of see invisible
 M - a ring of ice
 U - a ring of resist corrosion
 W - a +4 ring of protection (left hand)
 X - an amulet of the acrobat (around neck)
Wands
 p - a wand of charming (7)
 A - a wand of acid (7)
 B - a wand of flame (21)
 D - a wand of iceblast (8)
 K - a wand of paralysis (7)
 T - a wand of polymorph (4)
Scrolls
 g - 4 scrolls of noise
 h - 3 scrolls of fog
 i - 2 scrolls of summoning
 j - 3 scrolls of enchant weapon
 o - 2 scrolls of vulnerability
 t - 3 scrolls of blinking
 x - 2 scrolls of torment
 y - a scroll of immolation {unknown}
 z - a scroll of brand weapon
 I - 4 scrolls of teleportation
 L - 2 scrolls of amnesia {unknown}
 Q - a scroll of holy word {unknown}
Potions
 k - 3 potions of attraction
 l - 7 potions of curing
 m - 2 potions of haste
 q - a potion of flight
 r - 3 potions of heal wounds
 s - a potion of might
 u - 5 potions of brilliance
 v - 2 potions of lignification
 G - a potion of cancellation
 H - 2 potions of mutation
 J - a potion of magic
 P - 2 potions of invisibility
 R - 3 potions of degeneration
 S - a potion of resistance
 V - a potion of berserk rage


   Skills:
 + Level 14.2 Fighting
 + Level 12.5 Maces & Flails
 + Level 3.7 Armour
 + Level 9.5 Dodging
 - Level 3.9 Stealth
 + Level 9.1 Shields
 + Level 0.1 Evocations


You had 12 spell levels left.
You didn't know any spells.
Your spell library contained the following spells:

 Spells                   Type           Power      Damage    Failure   Level
 Ensorcelled Hibernation  Hex/Ice        0%         N/A       91%         2
 Spider Form              Tmut/Pois      0%         N/A       99%         3
 Anguish                  Hex/Necr       0%         N/A       100%        4


Dungeon Overview and Level Annotations

Branches:
Dungeon (12/15)            Temple (0/1) D:5            Lair (4/6) D:8
 Shoals (0/4) Lair:4       Spider (0/4) Lair:2          Orc (0/2) D:11

Altars:
Gozag
Hepliaklqana

Annotations:
D:12 Azrael
Lair:3 3 runed translucent doors, Irhican's ghost, journeyman MiBe; PoweredByGinger's ghost, journeyman MiFi; Sadonosm's ghost, journeyman DgSk


Innate Abilities, Weirdness & Mutations

You are too large for most types of armour.
You have tough skin. (AC +1)


Message History

* * * LOW HITPOINT WARNING * * *
You thrash the wolf!! You burn the wolf.
You kill the wolf!
Trog accepts your kill.
* * * LOW HITPOINT WARNING * * *
You feel sick. You block the wolf's attack.
You whack the dream sheep! You burn the dream sheep.
The dream sheep is severely wounded.
* * * LOW HITPOINT WARNING * * *
You feel sick. You block the centaur's attack. x2
The wolf closely misses you.
You thrash the dream sheep!! You burn the dream sheep.
You kill the dream sheep!
Trog accepts your kill.
* * * LOW HITPOINT WARNING * * *
You feel sick. You block the centaur's attack.
The centaur kicks you but does no damage.
The wolf misses you. You block the wolf's attack.
You whack the centaur! You burn the centaur.
The centaur is severely wounded.
* * * LOW HITPOINT WARNING * * *
You feel sick.
The centaur unwields a +2 vorpal shortbow.
You block the centaur's attack. The centaur misses you.
The wolf closely misses you. The centaur hits you.
* * * LOW HITPOINT WARNING * * *
You block the centaur's attack.
You thrash the centaur!! You burn the centaur.
You kill the centaur!
Trog accepts your kill.
* * * LOW HITPOINT WARNING * * *
You feel sick. You block the wolf's attack. x2
Unknown command.
Unknown command.
You punish the centaur, causing immense pain!!!
You burn the centaur.
You feel the power of Trog in you as your rage grows.
You kill the centaur!
Trog accepts your kill.
You die...

#.....#....#.##.
.......#.....#.#........
........<.............PP#
.....................#...
.PPPP.P........#.#..#..##
[........P....#..........
...PP....P...............
.......†.....#...........
P.P.>.))@................
......))hh...............
P.......†......÷.........
...P..........P..÷.......
.P......P.#...#÷.÷...###.
...P.P..............P###.
........P............P#P.
......................###
....##..........<....P###


You could see 2 wolves.

Vanquished Creatures
  2 boulder beetles
  Fannar (Lair:3)
  2 hydras (Lair:2)
  A centaur warrior (D:12)
  4 two-headed ogres
  Sonja (Lair:4)
  Pikel (D:7)
  An ugly thing (D:12)
  10 elephants (Lair:2)
  A torpor snail (Lair:2)
  4 cane toads
  A gargoyle (D:12)
  7 komodo dragons
  3 trolls
  A polar bear (Lair:2)
  5 blink frogs (Lair:4)
  4 slime creatures (D:12)
  6 dream sheep (Lair:4)
  A meliai zombie (D:10)
  27 yaks
  Sigmund (D:4)
  2 wraiths (D:12)
  Eustachio (D:4)
  A basilisk (Lair:2)
  A steam dragon (D:9)
  3 wargs (D:8)
  An acid dragon (D:12)
  7 water moccasins
  2 hell hounds (D:11)
  3 ice beasts
  Duvessa (D:4)
  3 orc warriors
  28 wolves
  10 centaurs
  5 bullfrogs
  6 scorpions
  A gnoll sergeant (D:10)
  A water moccasin zombie (D:7)
  Dowan (D:4)
  14 killer bees
  A wight (D:8)
  5 howler monkeys
  4 electric eels (D:9)
  A bullfrog zombie (D:5)
  2 centaur zombies
  3 centaur skeletons
  10 hounds
  2 orc priests
  A bullfrog skeleton (D:7)
  4 iguanas
  Crazy Yiuf (D:5)
  Ijyb (D:5)
  3 orc wizards
  2 hell rats (Lair:4)
  A hound skeleton (D:5)
  2 howler monkey zombies
  6 gnolls
  8 adders
  6 river rats (Lair:4)
  An ufetubus (D:5)
  3 worms (Lair:2)
  A dart slug (D:2)
  19 orcs
  3 endoplasms
  6 giant cockroaches
  6 goblins
  2 hobgoblins
  3 jackals
  6 kobolds
  4 quokkas
  5 ball pythons
  4 bats
  3 frilled lizards
  9 rats
313 creatures vanquished.

Vanquished Creatures (collateral kills)
  A dream sheep (Lair:4)
1 creature vanquished.

Vanquished Creatures (others)
  A vampire mosquito (D:12)
  2 orcs (D:5)
  13 fungi
  33 plants
49 creatures vanquished.

Grand Total: 363 creatures vanquished

Notes
Turn   | Place    | Note
-------+----------+-------------------------------------------
     0 | D:1      | Minsecho the Ogre Berserker began the quest for the Orb.
     0 | D:1      | Reached XP level 1. HP: 24/24 MP: 1/1
   214 | D:1      | Reached XP level 2. HP: 32/32 MP: 2/2
   693 | D:1      | Found a faded altar of an unknown god.
   702 | D:1      | Reached XP level 3. HP: 39/40 MP: 3/3
  1107 | D:2      | Reached ** piety under Trog
  1578 | D:2      | Reached XP level 4. HP: 49/49 MP: 4/4
  2103 | D:4      | Noticed Duvessa
  2103 | D:4      | Noticed Dowan
  2430 | D:4      | Killed Dowan
  2431 | D:4      | Reached XP level 5. HP: 38/55 MP: 5/5
  2530 | D:4      | HP: 2/82 [Duvessa (9)]
  2531 | D:4      | Killed Duvessa
  2532 | D:4      | Reached skill level 5 in Fighting
  2532 | D:4      | Reached skill level 1 in Stealth
  2853 | D:4      | Reached XP level 6. HP: 35/66 MP: 6/6
  3287 | D:4      | Noticed Sigmund
  3307 | D:4      | Killed Sigmund
  3308 | D:4      | Reached skill level 5 in Maces & Flails
  3308 | D:4      | Reached XP level 7. HP: 50/74 MP: 7/7
  3611 | D:4      | Noticed Eustachio
  3812 | D:4      | Killed Eustachio
  3813 | D:4      | Reached skill level 6 in Fighting
  4661 | D:5      | Entered Level 5 of the Dungeon
  4708 | D:5      | Noticed a two-headed ogre
  4722 | D:5      | Killed a two-headed ogre
  4723 | D:5      | Reached skill level 7 in Fighting
  4723 | D:5      | Reached skill level 5 in Dodging
  4723 | D:5      | Reached XP level 8. HP: 29/88 MP: 8/8
  5095 | D:5      | Reached skill level 8 in Fighting
  5395 | D:5      | Found a staircase to the Ecumenical Temple.
  5620 | D:5      | Reached XP level 9. HP: 74/97 MP: 7/9
  5797 | D:5      | Found a runed translucent door.
  5798 | D:5      | Noticed Crazy Yiuf
  5906 | D:5      | Noticed Ijyb
  5917 | D:5      | Killed Ijyb
  6484 | D:5      | Killed Crazy Yiuf
  6655 | D:6      | Reached skill level 1 in Shields
  7027 | D:6      | Reached skill level 9 in Fighting
  7599 | D:7      | Noticed Pikel
  7604 | D:7      | Killed Pikel
  8993 | D:8      | Reached XP level 10. HP: 73/109 MP: 8/10
  9008 | D:8      | Reached skill level 10 in Fighting
  9352 | D:8      | Found a hazy altar of Hepliaklqana.
  9371 | D:8      | Reached *** piety under Trog
  9396 | D:8      | Found a staircase to the Lair.
 11326 | D:9      | Noticed a two-headed ogre
 11701 | D:9      | Identified the +2 chain mail "Kino Iz Reil" {Fly rPois
                  | Will+ Int+4}
 11777 | D:9      | Identified 4 scrolls of acquirement
 11778 | D:9      | Acquired a +3 eveningstar of protection
 11779 | D:9      | Acquired 980 gold pieces
 11780 | D:9      | Acquired a +2 cloak of stealth
 11781 | D:9      | Acquired the +9 demon whip of Cataclysm {flame, rF+ Will-
                  | Int+6}
 12481 | D:9      | Killed a two-headed ogre
 12482 | D:9      | Reached XP level 11. HP: 98/119 MP: 7/11
 12532 | D:9      | Identified the +1 scale mail of the Big Bang {Fly Dex+5}
 12611 | D:10     | Entered Level 10 of the Dungeon
 12690 | D:10     | You fall into a shaft and drop 2 floors!
 12692 | D:12     | Noticed a two-headed ogre
 12727 | D:11     | Noticed a boulder beetle
 12738 | D:11     | Reached skill level 11 in Fighting
 12745 | D:11     | Killed a boulder beetle
 12746 | D:11     | Reached skill level 10 in Maces & Flails
 12746 | D:11     | Reached skill level 5 in Shields
 13248 | D:11     | Found an opulent altar of Gozag.
 13309 | D:11     | Noticed a two-headed ogre
 13317 | D:11     | Killed a two-headed ogre
 13385 | D:11     | Found a staircase to the Orcish Mines.
 14054 | D:12     | Reached skill level 1 in Armour
 14123 | D:12     | Killed a two-headed ogre
 14129 | D:12     | Identified the +11 hunting sling "Vutzaut" {speed, +Blink
                  | rPois rF- rCorr}
 14216 | D:12     | Noticed a red ugly thing
 14236 | D:12     | Killed a red ugly thing
 14237 | D:12     | Reached skill level 12 in Fighting
 14485 | D:12     | Noticed a centaur warrior
 14488 | D:12     | Noticed Azrael
 14492 | D:12     | Killed a centaur warrior
 14493 | D:12     | Reached XP level 12. HP: 127/133 MP: 10/12
 14670 | Lair:1   | Entered Level 1 of the Lair of Beasts
 14727 | Lair:1   | Reached **** piety under Trog
 14914 | Lair:1   | Identified the +5 spear "Aniase" {vorpal, rPois rN++ rCorr
                  | Stlth+}
 15585 | Lair:2   | Noticed a six-headed hydra
 15594 | Lair:2   | Killed a six-headed hydra
 15808 | Lair:2   | Reached skill level 13 in Fighting
 15927 | Lair:2   | Reached ***** piety under Trog
 16021 | Lair:2   | Noticed an eight-headed hydra
 16029 | Lair:2   | Killed an eight-headed hydra
 16165 | Lair:2   | Reached XP level 13. HP: 135/144 MP: 13/13
 16179 | Lair:2   | Found a hole to the Spider Nest.
 16904 | Lair:3   | Found a runed translucent gate.
 16905 | Lair:3   | Found a runed translucent gate.
 16906 | Lair:3   | Found a runed translucent gate.
 17070 | Lair:3   | Noticed Fannar
 17082 | Lair:3   | Killed Fannar
 17082 | Lair:3   | Received a gift from Trog
 17192 | Lair:3   | Noticed Irhican's ghost (journeyman MiBe)
 17192 | Lair:3   | Noticed Sadonosm's ghost (journeyman DgSk)
 17361 | Lair:3   | Noticed PoweredByGinger's ghost (journeyman MiFi)
 17577 | Lair:4   | Reached skill level 14 in Fighting
 17754 | Lair:4   | Found a staircase to the Shoals.
 17768 | Lair:4   | Noticed Sonja
 17781 | Lair:4   | Killed Sonja
 17790 | Lair:4   | HP: 10/219 [poisoned by Sonja]
 17795 | Lair:4   | HP: 3/219 [poisoned by Sonja]
 17798 | Lair:4   | Succumbed to Sonja's poison

Illustrated notes

Levels and vault maps discovered:
D:1:      eino_arrival_druids_welcome, layout_loops_ring,
          dreamdust_ecumenical_altar_angels_and_demons, minmay_hexomino_p4
D:2:      layout_basic, moated_statue, serial_bayou_lagoon_a,
          grunt_ministairs_13
D:3:      layout_basic, minmay_quantized
D:4:      layout_basic, uniq_duvessa, uniq_eustachio, uniq_sigmund
D:5:      layout_rooms, temple_green, minmay_bent, uniq_ijyb,
          uniq_crazy_yiuf_cottage
D:6:      layout_loops_ring, amcnicky_mini_rare_corridor_liquid
D:7:      layout_basic, uniq_pikel
D:8:      kennysheep_blocky_hall, layout_loops_ring, lemuel_round_altar,
          erik_lair_orcish_takeover
D:9:      layout_loops_ring, nrook_uturn, kennysheep_boxes
D:10:     layout_roguey, corexii_leaking_fountain
D:11:     layout_roguey, grunt_gozag_statues
D:12:     layout_layer_cave, uniq_azrael
Lair:1:   beast_lair_carwin_large_4, layout_misc_corridors,
          bh_autumn_forest_stairs
Lair:2:   layout_regular_city, nicolae_spider_entry_non_spiders,
          grunt_megastairs_5, serial_bayou_shore_b
Lair:3:   layout_regular_city, gammafunk_ghost_cemetery, uniq_fannar
Lair:4:   layout_gridlike, minmay_shoals_entry_centaurs, kennysheep_rathole,
          uniq_sonja

Skill      XL: |  1  2  3  4  5  6  7  8  9 10 11 12 13 |
---------------+----------------------------------------+-----
Maces & Flails | 3 4 5 6 7 8 9 11 12 | 12.5
Dodging        | 3 5 6 7 8 9 |  9.5
Fighting       | 5 7 8 9 10 12 13 14 | 14.2
Stealth        | 1 2 3 |  3.9
Shields        | 2 4 6 7 9 |  9.1
Armour         | 2 3 |  3.7
Evocations     | |  0.1

Action                   |  1- 3 |  4- 6 |  7- 9 | 10-12 | 13-15 || total
-------------------------+-------+-------+-------+-------+-------++-------
Melee: Mace              |   101 |    60 |   123 |       |       ||   284
       Punch             |     1 |       |     2 |       |       ||     3
       Flail             |       |       |   178 |   168 |       ||   346
       Demon whip        |       |       |       |   371 |   182 ||   553
Invok: Berserk           |       |     4 |     7 |       |     1 ||    12
       Trog's Hand       |       |       |     2 |     1 |       ||     3
       Brothers in Arms  |       |       |       |       |     1 ||     1
Evoke: Wand              |       |       |     2 |       |       ||     2
  Use: Scroll            |       |     4 |     8 |    12 |     6 ||    30
       Potion            |       |       |     2 |       |       ||     2
 Stab: Sleeping          |       |     3 |     5 |    15 |     3 ||    26
       Distracted        |       |       |     1 |     2 |       ||     3
Armor: Animal skin       |    30 |    11 |    75 |       |       ||   116
       Robe              |       |       |    14 |    28 |       ||    42
       Troll leather arm |       |       |       |    91 |    59 ||   150
Dodge: Dodged            |    66 |    13 |   187 |   191 |    91 ||   548
Block: Tower shield      |       |       |   135 |   391 |   194 ||   720
